Map: Cerulean Fall LE

Players

Sketchaphone - Winner!

  • Race: Zerg Zerg
  • League: Gold
  • Spawn Location: 7:00

WhiteScourge

  • Race: Protoss Protoss
  • League: Gold
  • Spawn Location: 1:00

VOD

Have the link to the VOD?

Description

Time

  • Played on: Nov. 10, 2018, 2:17 p.m.
  • Length: 9:28
Show
View Real Time Build Order
Export as new Build Order

Sketchaphone Zerg - Winner!

Build Orders: Hatch First 

Get SALT Encoding   

  12  0:01  Drone  
  13  0:22  Overlord  
  13  0:23  Drone  
  14  0:45  Hatchery  
  14  0:50  Drone  
  14  0:52  Drone  
  15  1:03  Drone  
  16  1:10  Drone  
  17  1:20  Spawning Pool  
  17  1:24  Drone  
  17  1:28  Drone  
  18  1:35  Drone  
  19  1:45  Drone  
  20  1:54  Overlord  
  20  2:03  Drone  
  20  2:05  Drone  
  22  2:11  Queen  
  22  2:13  Queen  
  22  2:14  Drone  
  27  2:18  Overlord  
  27  2:30  Zergling x2, Drone  
  27  2:35  Drone  
  30  2:38  Extractor  
  30  2:41  Drone  
  30  2:42  Overlord  
  30  2:49  Drone  
  31  3:00  Drone x2  
  31  3:01  Queen  
  31  3:02  Overlord  
  36  3:12  Drone  
  36  3:17  Drone  
  37  3:23  Drone  
  38  3:41  Overlord, Roach Warren, Drone  
  39  3:42  Drone x2, Hatchery  
  38  4:07  Overlord  
  38  4:08  Drone x2  
  40  4:10  Drone  
  40  4:11  Drone x2  
  40  4:12  Drone x2  
  40  4:14  Drone x2  
  47  4:25  Overlord, Evolution Chamber, Drone x2  
  47  4:28  Evolution Chamber  
  47  4:29  Drone  
  48  4:32  Metabolic Boost  
  48  4:34  Drone x2  
  48  4:36  Drone x2  
  48  4:37  Extractor  
  51  4:39  Overlord  
  50  4:55  Roach x2  
  50  4:59  Zerg Ground Armor Level 1  
  54  5:01  Extractor  
  54  5:02  Drone  
  54  5:03  Drone  
  54  5:06  Queen  
  57  5:09  Drone x3  
  57  5:10  Drone x2  
  62  5:20  Pneumatized Carapace  
  62  5:21  Zergling x4  
  62  5:22  Zergling x6  
  67  5:47  Overlord x2  
  67  5:50  Lair  
  67  5:52  Drone  
  67  5:53  Zergling x12  
  74  6:08  Overlord  
  74  6:10  Roach  
  74  6:11  Roach x7  
  90  6:22  Drone x3  
  93  6:26  Extractor  
  92  6:40  Roach x2  
  92  6:41  Roach x5  
  92  6:44  Ravager x2  
  82  7:25  Drone x3  
  71  7:59  Zergling x20  
  71  8:00  Zergling x12  
  78  8:27  Drone x2  
  78  8:29  Queen x3  
  78  8:30  Overlord x2  
  78  8:31  Zergling x2  
  84  8:46  Zergling x14  
  88  8:58  Zergling x6  
  87  9:09  Drone  
  83  9:10  Drone x2  
Show
View Real Time Build Order
Export as new Build Order

WhiteScourge Protoss 

Build Orders: 1 Gate Expand, Zealot Archon, Archon Drop 

Get SALT Encoding   

  12  0:00  Probe  
  13  0:13  Probe  
  14  0:19  Pylon  
  14  0:25  Probe  
  15  0:33  Probe  
  15  0:40  Gateway  
  15  0:42  Probe  
  16  0:48  Assimilator  
  17  0:51  Probe  
  18  0:59  Probe  
  19  1:07  Probe  
  20  1:21  Probe  
  21  1:28  Nexus  
  21  1:38  Cybernetics Core  
  21  1:41  Probe  
  21  1:45  Assimilator  
  22  1:56  Pylon  
  22  1:57  Probe  
  23  2:07  Gateway  
  23  2:14  Zealot  
  25  2:17  Probe  
  26  2:37  Probe  
  26  2:43  Probe  
  27  2:46  Twilight Council  
  27  2:48  Gateway  
  27  2:49  Probe  
  29  2:51  Probe  
  29  2:57  Probe  
  30  2:59  Warp Gate  
  30  3:05  Probe  
  32  3:22  Probe  
  32  3:26  Probe  
  34  3:31  Probe  
  34  3:33  Robotics Facility  
  34  3:35  Charge  
  34  3:38  Probe  
  34  3:40  Probe  
  37  3:49  Pylon  
  37  3:50  Probe  
  37  3:53  Probe  
  37  3:54  Zealot x2  
  43  4:02  Probe  
  43  4:05  Probe  
  44  4:14  Probe  
  44  4:16  Gateway  
  45  4:17  Probe  
  45  4:18  Robotics Facility  
  46  4:25  Templar Archives  
  46  4:26  Probe  
  46  4:30  Warp Prism  
  49  4:33  Probe  
  50  4:38  Probe  
  50  4:41  Probe  
  50  4:42  Assimilator  
  50  4:44  Assimilator  
  52  4:46  Pylon  
  52  4:48  Pylon  
  52  4:50  Probe  
  52  4:51  Pylon  
  53  5:06  Observer  
  54  5:14  Probe  
  54  5:15  Probe  
  56  5:25  Stalker x2  
  60  5:47  High Templar x2  
  60  5:48  High Templar  
  66  5:50  High Templar  
  68  6:01  Archon  
  68  6:02  Archon  
  68  6:22  Nexus  
  68  6:25  Gateway  
  68  6:28  Gateway  
  68  6:31  Forge  
  68  6:47  Zealot x3  
  68  6:48  Zealot  
  76  7:13  Zealot  
  78  7:18  Pylon  
  78  7:19  Pylon  
  68  7:30  Zealot  
  68  7:31  Zealot  
  43  7:52  Zealot  
  43  7:53  Zealot x2  
  30  8:08  Probe  
  19  8:14  Zealot  
  19  8:15  Zealot x4  
  19  8:16  Probe  
  21  8:26  Probe  
  15  8:36  Zealot x4  
  15  8:38  Probe  
  22  8:48  Probe  
  21  8:56  Probe  
  21  8:57  Zealot  
  21  8:58  Zealot x2  
  27  9:04  Probe  
Tags
 
Composition
Zealot Archon
League
GoldGold
Matchup
PvZ
Replay Pack
init
Spawn Locations
Cross Positions
Strategy
Archon Drop
Add a new tag
Caveats
  • Supply blocks, unpowered buildings, or Contaminate may cause inaccurate times.
  • Supply counts are checked every 10 seconds.